 Dungeon Crawl Stone Soup version 0.30-a0-870-gc5d4c5acee (webtiles) character file.

Game seed: 16730079505688186089

2719 IndexError the Arsonist (level 9, -1/45 HPs)
             Began as a Gargoyle Fire Elementalist on Mar 11, 2023.
             Slain by a wight
             ... wielding a +4 halberd
              (6 damage)
             ... on level 7 of the Dungeon.
             The game lasted 00:27:49 (8324 turns).

IndexError the Arsonist (GrFE)                      Turns: 8324, Time: 00:27:49

Health: -1/45      AC: 12    Str: 12    XL:     9   Next: 66%
Magic:  0/18       EV: 12    Int: 20    God:
Gold:   321        SH:  0    Dex: 10    Spells: 12/20 levels left

rFire   . . .      SeeInvis +    a - +2 short sword (elec)
rCold   . . .      Faith    .    (no shield)
rNeg    + . .      Spirit   +    i - +0 robe
rPois   ∞          Reflect  .    e - +1 hat
rElec   +          Rampage  .    u - +0 cloak
rCorr   .                        D - +0 pair of gloves
Will    +....                    (no boots)
Stlth   ++                       k - amulet of guardian spirit {Spirit}
HPRegen 0.27/turn                C - ring of willpower
MPRegen 0.16/turn                r - ring of see invisible {sInv, !d}

@: no status effects
A: sickness immunity, AC +6, negative energy resistance 1, electricity
resistance, torment resistance 1, petrification resistance
a: no special abilities


You were on level 7 of the Dungeon.
You visited 1 branch of the dungeon, and saw 7 of its levels.
You also visited: Sewer.

You collected 321 gold pieces.

Inventory:

Hand Weapons
 a - a +2 short sword of electrocution (weapon)
   (You took it off a kobold on level 2 of the Dungeon)
 b - a +0 sling
   (You found it on level 2 of the Dungeon)
Missiles
 v - 2 throwing nets {=f, !d}
Armour
 e - a +1 hat (worn)
   (You found it on level 1 of the Dungeon)
 i - a +0 robe (worn)
 u - a +0 cloak (worn)
   (You found it on level 5 of the Dungeon)
 D - a +0 pair of gloves (worn)
   (You found it on level 6 of the Dungeon)
Jewellery
 k - an amulet of guardian spirit (around neck) {Spirit}
   (You found it on level 2 of the Dungeon)
 q - a +6 ring of dexterity
   (You took it off a hobgoblin on level 3 of the Dungeon)
 r - a ring of see invisible (right hand) {sInv, !d}
   (You found it on level 4 of the Dungeon)
 t - a ring of positive energy {rN+}
   (You found it on level 4 of the Dungeon)
 C - a ring of willpower (left hand)
   (You found it on level 6 of the Dungeon)
Wands
 B - a wand of paralysis (4)
   (You found it on level 6 of the Dungeon)
Scrolls
 d - 2 scrolls of blinking {!r}
 f - 2 scrolls of poison
 h - 3 scrolls of teleportation
 n - a scroll of fog
 s - 7 scrolls of identify
 w - a scroll of enchant armour {unknown}
 y - 3 scrolls of magic mapping {unknown}
 z - 2 scrolls of enchant weapon {unknown}
 E - 2 scrolls of fear {unknown}
Potions
 c - 2 potions of might {unknown}
 g - a potion of mutation {!q}
 j - 2 potions of magic
 l - 2 potions of lignification {unknown}
 m - a potion of cancellation {unknown}
 o - 5 potions of curing {unknown}
 p - 3 potions of brilliance {unknown}
 x - a potion of heal wounds {unknown}
 A - a potion of haste {unknown}
 F - a potion of degeneration {unknown}


   Skills:
 - Level 4.0 Armour
 - Level 3.5 Dodging
 - Level 2.1 Stealth
 - Level 6.0 Spellcasting
 - Level 4.2 Conjurations
 + Level 4.7 Translocations
 - Level 8.0 Fire Magic


You had 12 spell levels left.
You knew the following spells:

 Your Spells              Type           Power      Damage    Failure   Level
a - Foxfire               Conj/Fire      100%       2x1d9     1%          1
b - Scorch                Fire           76%        2d9       1%          2
c - Blink                 Tloc           48%        N/A       2%          2
d - Kindle Blastsparks    Fire/Tloc/Air  44%        2d13      5%          3

Your spell library contained the following spells:

 Spells                   Type           Power      Damage    Failure   Level
 Apportation              Tloc           48%        N/A       1%          1
 Inner Flame              Hex/Fire       22%        N/A       6%          3
 Flame Wave               Conj/Fire      30%        2d9       9%          4
 Sandblast                Erth           12%        2d6       11%         1
 Stone Arrow              Conj/Erth      28%        3d8       13%         3
 Passwall                 Tmut/Erth      5%         N/A       16%         2
 Manifold Assault         Tloc           24%        N/A       16%         4
 Alistair's Intoxication  Tmut/Pois      4%         N/A       96%         5
 Storm Form               Tmut/Air       3%         N/A       100%        7


Dungeon Overview and Level Annotations

Branches:
Dungeon (7/15)              Sewer (visited)
 Temple: D:4-7

Altars:
Ashenzari
Cheibriados
Elyvilon
Fedhas
Hepliaklqana
Trog
Xom
Zin

Shops:
D:6 :

Annotations:
D:6 2 runed translucent doors, iskra's ghost, novice DrBe


Innate Abilities, Weirdness & Mutations

You are immune to sickness and miasma.
Your stone body is resilient. (AC +6)
You are immune to poison.
You resist negative energy. (rN+)
You are resistant to electric shocks. (rElec)
You are resistant to unholy torment.
You are immune to petrification.


Message History

You conjure some foxfire!
The foxfire hits the wight!
The wight barely misses you.
You now have 8/18 mp.
The foxfire hits the wight but does no damage.
The wight hits you with a +2 battleaxe!
You take 6 damage, and have 33/45 hp.
You now have 7/18 mp.
The wight attacks as you move away! The wight hits you but does no damage.
The wight attacks as you move away! The wight closely misses you.
The wight attacks as you move away! The wight hits you with a +2 battleaxe.
You take 4 damage, and have 30/45 hp.
You now have 7/18 mp.
The wight attacks as you move away! The wight closely misses you.
The wight attacks as you move away! The wight closely misses you.
There is a blossoming altar of Fedhas here.
There is a fountain of clear blue water here.
Casting: Foxfire (safe; 1% risk of failure)
Press: ? - help, Q - select action, (/) - cycle Dir - look around, f - activate You conjure some foxfire!
The wight barely misses you.
The wight hits your foxfire with a +2 battleaxe!
You now have 7/18 mp.
Casting: Foxfire (safe; 1% risk of failure)
Press: ? - help, Q - select action, (/) - cycle Dir - look around, f - activate You conjure some foxfire!
The foxfire hits the wight!
The foxfire hits the wight.
You now have 6/18 mp.
Casting: Foxfire (safe; 1% risk of failure)
Press: ? - help, Q - select action, (/) - cycle Dir - look around, f - activate You conjure some foxfire!
The foxfire hits the wight!
The foxfire hits the wight but does no damage.
The wight hits you with a +0 vampiric hand axe.
The wight barely misses your foxfire. x2
You take 1 damage, and have 31/45 hp.
You now have 5/18 mp.
Casting: Foxfire (safe; 1% risk of failure)
Press: ? - help, Q - select action, (/) - cycle Dir - look around, f - activate You conjure some foxfire!
The foxfire hits the wight but does no damage. x2
The wight barely misses you.
The wight hits your foxfire with a +0 vampiric hand axe.
Casting: Foxfire (safe; 1% risk of failure)
Press: ? - help, Q - select action, (/) - cycle Dir - look around, f - activate You conjure some foxfire!
The foxfire hits the wight.
The wight hits you with a +0 vampiric hand axe.
The wight barely misses your foxfire. The wight hits you with a +0 battleaxe!
The wight barely misses your foxfire.
You take 14 damage, and have 18/45 hp.
MASSIVE DAMAGE!!
You now have 2/18 mp.
Casting: Foxfire (safe; 1% risk of failure)
Press: ? - help, Q - select action, (/) - cycle Dir - look around, f - activate You conjure some foxfire!
The foxfire hits the wight. x2; The wight hits you but does no damage.
The wight hits you with a +0 battleaxe!
* * * LOW HITPOINT WARNING * * *
The wight hits you but does no damage.
The wight hits your foxfire with a +0 vampiric hand axe!
You take 9 damage, and have 9/45 hp.
You now have 0/18 mp.
There are monsters nearby!
You don't have enough magic to cast this spell.
There are monsters nearby!
You can't go down here!
The foxfire hits the wight. x2; The wight completely misses you.
The wight attacks as you move away! The wight hits you but does no damage.
The wight attacks as you move away!
The wight hits you with a +0 vampiric hand axe.
* * * LOW HITPOINT WARNING * * *
You take 1 damage, and have 8/45 hp.
The wight attacks as you move away! The wight barely misses you.
The wight attacks as you move away! The wight hits you but does no damage.
The wight attacks as you move away! The wight closely misses you.
The wight attacks as you move away! The wight closely misses you.
The wight attacks as you move away! The wight misses you.
There is an open door here.
The wight attacks as you move away! The wight closely misses you.
The wight attacks as you move away!
The wight hits you with a +0 vampiric hand axe.
* * * LOW HITPOINT WARNING * * *
You take 5 damage, and have 8/45 hp.
You now have 2/18 mp.
The wight attacks as you move away! The wight misses you.
The wight attacks as you move away! The wight barely misses you.
The wight attacks as you move away!
The wight hits you with a +0 vampiric hand axe.
* * * LOW HITPOINT WARNING * * *
You take 2 damage, and have 6/45 hp.
You now have 2/18 mp.
The wight attacks as you move away!
The wight hits you with a +0 vampiric hand axe.
* * * LOW HITPOINT WARNING * * *
You take 2 damage, and have 5/45 hp.
The wight attacks as you move away!
The wight hits you with a +0 vampiric hand axe!
* * * LOW HITPOINT WARNING * * *
You take 3 damage, and have 2/45 hp.
You now have 0/18 mp.
The wight attacks as you move away! The wight hits you but does no damage.
Casting: Foxfire (safe; 1% risk of failure)
Confirm with . or Enter, or press ? or * to list all spells.
Okay, then.
The wight attacks as you move away! The wight misses you.
The wight attacks as you move away! The wight barely misses you.
There is a stone staircase leading up here.
The wight hits you from afar with a +4 halberd!
You die...

#..<....+
####...####
#.....## #.##..#
#.##..# #.##..#
#+# #.##..# #.#
#.##..# ####.##
#@zz..# #.....#
###...## #.#...#
#..z..#####......
#...z....z......#
#.....#####.....#
##...## #.##..#
##### #z##..#
#.z...# ####z##


You could see 4 wights.

Vanquished Creatures
  Eustachio (D:6)
  Menkaure (D:6)
  A water moccasin (D:6)
  An ice beast (D:6)
  2 orc warriors (D:6)
  2 sky beasts (D:6)
  2 black bears
  An ogre (D:6)
  2 centaurs
  A phantom (D:3)
  A kobold brigand (D:5)
  2 bullfrogs (Sewer)
  4 scorpions
  2 wights (D:7)
  A howler monkey (D:6)
  A jelly (D:6)
  A hound (D:4)
  3 orc priests
  2 gnoll boudas (D:5)
  2 sleepcaps (D:6)
  3 iguanas
  An orc wizard (D:5)
  5 river rats (Sewer)
  18 adders
  10 gnolls
  A shadow imp (D:3)
  An ufetubus (D:6)
  3 worms
  A dart slug (D:3)
  24 orcs
  3 endoplasms
  2 giant cockroaches
  8 goblins
  9 hobgoblins
  5 jackals (D:3)
  2 quokkas
  16 ball pythons
  9 bats
  6 frilled lizards
  9 kobolds
  36 rats
205 creatures vanquished.

Vanquished Creatures (collateral kills)
  A foxfire (D:7)
1 creature vanquished.

Vanquished Creatures (others)
  719 foxfires
  16 plants
735 creatures vanquished.

Grand Total: 941 creatures vanquished

Notes
Turn   | Place    | Note
-------+----------+-------------------------------------------
     0 | D:1      | IndexError the Gargoyle Fire Elementalist began the quest
                  | for the Orb.
     0 | D:1      | Reached XP level 1. HP: 10/10 MP: 3/3
   272 | D:1      | Reached XP level 2. HP: 15/15 MP: 3/5
   607 | D:1      | Reached skill level 1 in Armour
   965 | D:2      | Reached skill level 2 in Dodging
   967 | D:2      | Reached XP level 3. HP: 19/19 MP: 1/6
  1234 | D:2      | Found a bloodstained altar of Trog.
  1349 | D:2      | Reached skill level 2 in Conjurations
  1504 | D:2      | Reached XP level 4. HP: 24/24 MP: 7/7
  1718 | D:3      | Noticed a scorpion
  1726 | D:3      | Killed a scorpion
  1727 | D:3      | Reached skill level 2 in Armour
  1727 | D:3      | Reached XP level 5. HP: 28/28 MP: 0/8
  2101 | D:3      | Reached skill level 4 in Fire Magic
  2215 | D:3      | Reached skill level 3 in Conjurations
  2336 | D:3      | Reached XP level 6. HP: 32/32 MP: 4/9
  2467 | D:3      | Reached skill level 3 in Armour
  2467 | D:3      | Reached skill level 3 in Dodging
  3058 | D:4      | Noticed a black bear
  3064 | D:4      | Killed a black bear
  3065 | D:4      | Reached XP level 7. HP: 36/36 MP: 3/10
  3450 | D:4      | Reached skill level 4 in Conjurations
  3543 | D:4      | Found a bloodstained altar of Trog.
  3787 | D:5      | Entered Level 5 of the Dungeon
  3853 | D:5      | Noticed an angel
  3853 | D:5      | Found a glowing silver altar of Zin.
  3925 | D:5      | Reached skill level 4 in Armour
  4013 | D:4      | Learned a level 2 spell: Scorch
  4016 | D:4      | Learned a level 2 spell: Blink
  4020 | D:4      | Learned a level 3 spell: Kindle Blastsparks
  4030 | D:5      | Reached skill level 5 in Fire Magic
  4111 | D:5      | Found a shimmering altar of Xom.
  4407 | D:5      | Reached skill level 3 in Spellcasting
  4407 | D:5      | Reached XP level 8. HP: 31/41 MP: 4/12
  4893 | D:5      | Reached skill level 6 in Fire Magic
  5474 | D:5      | Reached skill level 4 in Spellcasting
  5936 | D:6      | Found a hazy altar of Hepliaklqana.
  5988 | D:6      | HP: 8/41 [orc warrior/+0 trident (6)]
  5990 | D:6      | HP: 3/41 [orc warrior/+0 trident (5)]
  5993 | D:6      | Reached skill level 5 in Spellcasting
  5993 | D:6      | Reached skill level 7 in Fire Magic
  6103 | D:6      | Found a glowing drain.
  6116 | Sewer    | Entered a sewer
  6677 | Sewer    | Reached XP level 9. HP: 45/45 MP: 9/17
  7011 | D:6      | Reached skill level 6 in Spellcasting
  7051 | D:6      | Reached skill level 8 in Fire Magic
  7086 | D:6      | Found a large runed translucent door.
  7087 | D:6      | Found a large runed translucent door.
  7089 | D:6      | Noticed iskra's ghost (novice DrBe)
  7170 | D:6      | Noticed Menkaure
  7172 | D:6      | Noticed Eustachio
  7184 | D:6      | Found Nerul's Tremendous Tomes.
  7193 | D:6      | HP: 7/45 [river rat[Eustachio] (6)]
  7207 | D:6      | HP: 6/45 [bat[Eustachio] (1)]
  7357 | D:6      | Killed Eustachio
  7358 | D:6      | Reached skill level 1 in Translocations
  7360 | D:6      | Killed Menkaure
  7361 | D:6      | Reached skill level 2 in Translocations
  7479 | D:6      | Reached skill level 3 in Translocations
  7598 | D:6      | Found a white marble altar of Elyvilon.
  7968 | D:6      | Reached skill level 4 in Translocations
  8169 | D:7      | Found a snail-covered altar of Cheibriados.
  8169 | D:7      | Found a broken altar of Ashenzari.
  8169 | D:7      | Found a blossoming altar of Fedhas.
  8281 | D:7      | HP: 9/45 [wight/+0 battleaxe (9)]
  8302 | D:7      | HP: 8/45 [wight/+0 vampiric hand axe (5)]
  8311 | D:7      | HP: 5/45 [wight/+0 vampiric hand axe (2)]
  8312 | D:7      | HP: 1/45 [wight/+0 vampiric hand axe (4)]
  8324 | D:7      | Slain by a wight

Illustrated notes

Levels and vault maps discovered:
D:1:      wander_arrival_chamber, layout_basic
D:2:      layout_rooms, basic_altar, minmay_rat_gold_closets
D:3:      layout_rooms, minmay_divided_ellipse
D:4:      layout_basic, mainiacjoe_overflow_paths
D:5:      layout_gridville, grunt_temple_overflow_order_and_chaos_1,
          lexackson_kobold_supper
D:6:      layout_rooms, mainiacjoe_overflow_chevrons,
          nicolae_hepliaklqana_hazy_memory, ebering_ghost_disaster_area,
          portal_sewer_entry_d, nrook_loot_triangle, nrook_uturn,
          corexii_hall_statues_t, nicolae_shop_i_like_big_books, st_stairs_12,
          uniq_eustachio, uniq_menkaure
D:7:      layout_loops_corners, gammafunk_temple_overflow_forgotten,
          minmay_temple_entry_slanted, serial_shops, nicolae_diamond_shop, shop,
          uniq_maggie

Skill      XL: |  1  2  3  4  5  6  7  8  9 |
---------------+----------------------------+-----
Armour         | 1 2 3 4 |  4.0
Dodging        | 2 3 |  3.5
Conjurations   | 2 3 4 |  4.2
Fire Magic     | 4 5 7 8 |  8.0
Spellcasting   | 3 5 6 |  6.0
Translocations | 4 |  4.7
Stealth        | |  2.1

Action                     |  1- 3 |  4- 6 |  7- 9 || total
---------------------------+-------+-------+-------++-------
  Melee: Dagger            |    25 |       |       ||    25
         Unarmed           |     3 |       |       ||     3
         Short sword       |    21 |    39 |    51 ||   111
         Punch             |       |       |     1 ||     1
   Fire: Sling             |     6 |       |     1 ||     7
   Cast: Foxfire           |    36 |    90 |   274 ||   400
         Scorch            |       |       |    17 ||    17
         Kindle Blastspark |       |       |     2 ||     2
    Use: Scroll            |       |       |     6 ||     6
   Stab: Sleeping          |     1 |     1 |       ||     2
 Armour: Robe              |    26 |    15 |    91 ||   132
  Dodge: Dodged            |    62 |    24 |   160 ||   246

Table legend: (Time is in decaauts)
 A = Elapsed time spent in this place.
 B = Non-inter-level travel time spent in this place.
 C = Inter-level travel time spent in this place.
 D = Time resting spent in this place.
 E = Time spent auto-exploring this place.
 F = Levels seen in this place.
 G = Mean time per level.
                   A        B        C        D        E       F      G
               +--------+--------+--------+--------+--------+-----+--------+
         Total |   8367 |   7931 |    436 |    166 |   6301 |   8 | 1045.9 |
       Dungeon |   7678 |   7242 |    436 |    166 |   5742 |   7 | 1096.9 |
         Sewer |    688 |    688 |      0 |      0 |    559 |   1 |  688.0 |
               +--------+--------+--------+--------+--------+-----+--------+

Top non-repeatable levels by time:
     D:5: 1943 daAuts
     D:6: 1427 daAuts
     D:3: 1266 daAuts
     D:4: 1173 daAuts
     D:1: 1002 daAuts
   Sewer: 688 daAuts
     D:2: 660 daAuts
     D:7: 205 daAuts

Table legend:
 A = Kills in this place as a percentage of kills in the entire game.
 B = Kills by you in this place as a percentage of kills by you in the entire game.
 C = Kills by friends in this place as a percentage of kills by friends in the entire game.
 D = Other kills in this place as a percentage of other kills in the entire game.
 E = Experience gained in this place as a percentage of experience gained in the entire game.
 F = Experience gained in this place divided by the number of levels of this place that you have seen.
                   A       B       C       D       E      F
               +-------+-------+-------+-------+-------+----------------------
         Total | 100.0 | 100.0 |   N/A |   N/A | 100.0 | 485.6
       Dungeon |  77.1 |  77.1 |   N/A |   N/A |  90.7 | 503.3
         Sewer |  22.9 |  22.9 |   N/A |   N/A |   9.3 | 362.0
               +-------+-------+-------+-------+-------+----------------------
